 Dungeon Crawl Stone Soup version 0.30-a0-354-g6b83867211 (webtiles) character file.

Game seed: 10889204345598815428

17572 HoaS the Grappler (level 12, -5/184 HPs)
             Began as a Troll Gladiator on Nov 7, 2022.
             Was an Elder of Trog.
             Slain by a wolf (9 damage)
             ... on level 2 of the Lair of Beasts.
             The game lasted 00:29:02 (11023 turns).

HoaS the Grappler (Troll Gladiator)                Turns: 11023, Time: 00:29:02

Health: -5/184     AC: 15    Str: 25    XL:     12   Next: 20%
Magic:  11/11      EV: 14    Int:  4    God:    Trog [****..]
Gold:   815        SH:  0    Dex: 15    Spells: 11/11 levels left

rFire   . . .      SeeInvis .      - Unarmed
rCold   . . .      Faith    .    (no shield)
rNeg    . . .      Spirit   .    z - +0 troll leather armour
rPois   .          Reflect  .    b - +2 hat
rElec   .          Harm     .    s - +2 cloak
rCorr   .          Rampage  .    (gloves unavailable)
Will    .....                    (boots unavailable)
Stlth   ..........               (no amulet)
HPRegen 2.10/turn                f - ring of flight
MPRegen 0.12/turn                u - +4 ring of protection

@: berserking, lethally poisoned (-5 -> -5), flying, studying Unarmed Combat,
very quick
A: large, unfitting armour, claws 3, regeneration 1, shaggy fur 1, tough skin 1
a: Renounce Religion, Berserk, Trog's Hand, Brothers in Arms


You were on level 2 of the Lair of Beasts.
You worshipped Trog.
Trog was greatly pleased with you.
You visited 4 branches of the dungeon, and saw 16 of its levels.

You collected 1935 gold pieces.
You spent 1120 gold pieces at shops.

Inventory:

Missiles
 c - 3 throwing nets
 d - 6 large rocks
 e - 11 boomerangs (quivered)
 m - 4 javelins
 n - 17 poisoned darts
 w - a curare-tipped dart
Armour
 b - a +2 hat (worn)
 s - a +2 cloak (worn)
 z - a +0 troll leather armour (worn)
Jewellery
 f - a ring of flight (left claw)
 u - a +4 ring of protection (right claw)
 D - a ring of positive energy
Wands
 a - a wand of polymorph (6)
 x - a wand of charming (7)
Scrolls
 g - a scroll of magic mapping
 i - 2 scrolls of blinking
 o - 5 scrolls of teleportation
 y - 4 scrolls of vulnerability
Potions
 h - 2 potions of haste
 j - 5 potions of attraction
 k - 3 potions of mutation
 l - a potion of berserk rage
 p - a potion of resistance
 q - 5 potions of heal wounds
 r - 2 potions of curing
 t - a potion of lignification
 v - a potion of cancellation {unknown}
 A - 2 potions of might
 B - a potion of flight {unknown}


   Skills:
 * Level 9.1 Fighting
 + Level 7.1 Throwing
 * Level 9.2 Dodging
 * Level 13.2 Unarmed Combat


You had 11 spell levels left.
You didn't know any spells.
Your spell library contained the following spells:

 Spells                   Type           Power      Damage    Failure   Level
 Foxfire                  Conj/Fire      0%         2x1d4     54%         1
 Blink                    Tloc           0%         N/A       69%         2
 Momentum Strike          Conj/Tloc      0%         3d8       69%         2
 Sublimation of Blood     Necr           0%         N/A       69%         2
 Gell's Gravitas          Tloc           0%         N/A       89%         3
 Lesser Beckoning         Tloc           0%         N/A       89%         3
 Portal Projectile        Hex/Tloc       0%         N/A       89%         3
 Teleport Other           Tloc           0%         N/A       89%         3
 Tukima's Dance           Hex            0%         N/A       89%         3
 Petrify                  Tmut/Erth      0%         N/A       100%        4
 Blade Hands              Tmut           0%         N/A       100%        5
 Fireball                 Conj/Fire      0%         3d3       100%        5
 Irradiate                Conj/Tmut      0%         3d11      100%        5
 Dispersal                Tloc           0%         N/A       100%        6
 Starburst                Conj/Fire      0%         6d3       100%        6


Dungeon Overview and Level Annotations

Branches:
Dungeon (10/15)            Temple (1/1) D:6            Lair (3/5) D:8
 Spider (0/4) Lair:2          Orc (2/2) D:9             Elf (0/3) Orc:2
  Swamp: Lair:2-3    Shoals: Lair:2-3

Altars:
Ashenzari
Cheibriados
Dithmenos
Elyvilon
Fedhas
Gozag
Hepliaklqana
Kikubaaqudgha
Makhleb
Nemelex Xobeh
Okawaru
Qazlal
Ru
Sif Muna
Trog
Uskayaw
Vehumet
Wu Jian
Xom
Yredelemnul
Zin
The Shining One

Shops:
D:10 *   Orc:2 !!:

Annotations:
Orc:1 Xeaneg's ghost, journeyman HOBe


Innate Abilities, Weirdness & Mutations

You are too large for most types of armour.
You have claws for hands.
Your natural rate of healing is unusually fast.
You are covered in fur. (AC +1)
You have tough skin. (AC +1)


Message History

The cane toad is severely wounded.
You feel very sick. The wolf closely misses you. The wolf bites you. x2
The wolf bites you but does no damage. The cane toad barely misses you.
You barely miss the cane toad.
The cane toad is severely wounded.
You feel very sick. The wolf completely misses you. The wolf bites you!
The wolf misses you. The wolf bites you but does no damage.
The cane toad stings you!
* * * LOW HITPOINT WARNING * * *
You mangle the cane toad!!
You kill the cane toad!
Trog accepts your kill.
You feel very sick. The wolf barely misses you. The wolf closely misses you.
The wolf bites you but does no damage.
You mangle the wolf!!
The wolf is almost dead.
You feel very sick. The wolf closely misses you. The wolf barely misses you.
The wolf bites you but does no damage. The wolf bites you.
* * * LOW HITPOINT WARNING * * *
The wolf bites you but does no damage. The wolf bites you.
* * * LOW HITPOINT WARNING * * *
A red film seems to cover your vision as you go berserk!
You feel yourself moving faster!
You feel mighty!
You feel very sick. The wolf barely misses you.
The wolf bites you but does no damage. The wolf barely misses you.
The wolf bites you.
* * * LOW HITPOINT WARNING * * *
The wolf closely misses you.
You eviscerate the wolf!!!
You kill the wolf!
Trog accepts your kill.
You feel sick. The wolf barely misses you.
You closely miss the wolf.
You feel sick. The wolf bites you.
* * * LOW HITPOINT WARNING * * *
The wolf closely misses you.
You completely miss the wolf.
You feel sick. The wolf bites you!
You die...

#...#.......P####>........
#...#.......## #.......:.
#...##..'###.# #.###'##(#
#...####.# ### ### #.####
##....##'##### #.###
##P.........##### ##...#
####.......'...###.#.+##
#..h.†...#.###.......
#<..@...##>.P#.......
#...†h..###..+.......
#.......####.........
##........# ##........
#........## ##.#.##'#
####.#P.#.# ##.##..P
######## #####...##
####.###.#.# #..........#


You could see 2 wolves.

Vanquished Creatures
  A boulder beetle (Lair:2)
  Erica (D:10)
  Urug (Orc:2)
  A fire crab (D:8)
  A lindwurm (Lair:2)
  2 wolf spiders (Lair:2)
  A black mamba (Lair:2)
  5 cane toads
  2 komodo dragons
  2 trolls
  4 blink frogs (Lair:1)
  2 hornets
  2 wyverns
  Eustachio (D:6)
  A wraith (D:10)
  24 yaks
  Menkaure (D:5)
  An acid dragon (D:10)
  3 water moccasins
  A sky beast (D:8)
  14 orc warriors
  A black bear (D:5)
  5 ogres
  3 centaurs
  12 wolves
  3 phantoms
  A kobold brigand (D:8)
  2 gnoll sergeants
  3 scorpions
  4 bullfrogs
  7 wights
  8 killer bees
  2 howler monkeys
  4 hounds
  2 gnoll boudas
  7 orc priests
  A jelly (D:5)
  Crazy Yiuf (D:3)
  2 iguanas
  6 orc wizards
  14 gnolls
  9 adders
  2 shadow imps
  2 white imps
  6 worms
  2 dart slugs
  50 orcs
  5 ball pythons
  4 bats
  9 endoplasms
  4 giant cockroaches
  3 goblins
  4 hobgoblins
  14 jackals
  13 kobolds
  2 quokkas (D:1)
  2 frilled lizards
  7 rats
297 creatures vanquished.

Vanquished Creatures (others)
  A kobold (D:8)
  4 fungi
  3 plants (Lair:2)
8 creatures vanquished.

Grand Total: 305 creatures vanquished

Notes
Turn   | Place    | Note
-------+----------+-------------------------------------------
     0 | D:1      | HoaS the Troll Gladiator began the quest for the Orb.
     0 | D:1      | Reached XP level 1. HP: 19/19 MP: 0/0
    82 | D:1      | Reached XP level 2. HP: 27/27 MP: 1/1
   214 | D:1      | Reached skill level 4 in Unarmed Combat
   480 | D:1      | Reached XP level 3. HP: 32/33 MP: 2/2
   693 | D:1      | Found a faded altar of an unknown god.
  1043 | D:2      | Reached skill level 5 in Unarmed Combat
  1043 | D:2      | Reached XP level 4. HP: 37/41 MP: 3/3
  1081 | D:2      | Identified a scroll of acquirement
  1081 | D:2      | Acquired 490 gold pieces
  1755 | D:3      | Identified the +5 hammer of Paceer {flame, rC++ Str+3}
  1763 | D:3      | Found a runed translucent door.
  1764 | D:3      | Noticed Crazy Yiuf
  1831 | D:3      | Reached XP level 5. HP: 38/48 MP: 4/4
  1971 | D:3      | Reached skill level 6 in Unarmed Combat
  2124 | D:3      | Killed Crazy Yiuf
  2175 | D:4      | Noticed an ogre
  2187 | D:4      | Killed an ogre
  2188 | D:4      | Reached XP level 6. HP: 57/57 MP: 5/5
  2890 | D:5      | Entered Level 5 of the Dungeon
  2925 | D:5      | Reached XP level 7. HP: 57/66 MP: 6/6
  3042 | D:5      | Found an iron altar of Okawaru.
  3525 | D:5      | Noticed Menkaure
  3547 | D:5      | Reached skill level 7 in Unarmed Combat
  3548 | D:5      | Killed Menkaure
  3781 | D:6      | Found a blossoming altar of Fedhas.
  3818 | D:6      | Reached XP level 8. HP: 78/78 MP: 7/7
  4018 | D:6      | Noticed Eustachio
  4073 | D:6      | Killed Eustachio
  4600 | D:6      | Found a staircase to the Ecumenical Temple.
  4698 | Temple   | Entered the Ecumenical Temple
  5113 | Temple   | Became a worshipper of Trog the Wrathful
  5378 | D:7      | Reached skill level 8 in Unarmed Combat
  5386 | D:7      | Reached skill level 5 in Dodging
  5450 | D:7      | Found a basalt altar of Yredelemnul.
  5722 | D:8      | Reached skill level 5 in Fighting
  5722 | D:8      | Reached XP level 9. HP: 87/88 MP: 8/8
  5885 | D:8      | Found a staircase to the Lair.
  5885 | D:8      | Noticed a fire crab
  5905 | D:8      | Reached skill level 9 in Unarmed Combat
  5927 | D:8      | Killed a fire crab
  5937 | D:8      | Reached * piety under Trog
  6047 | D:8      | Found a radiant altar of Vehumet.
  6381 | D:8      | Found a glowing golden altar of the Shining One.
  6501 | D:9      | Reached XP level 10. HP: 49/98 MP: 9/9
  6506 | D:9      | Reached skill level 5 in Throwing
  6763 | D:9      | HP: 4/86 [wight/+2 spear of freezing (1)]
  6969 | D:9      | Found a burning altar of Makhleb.
  6994 | D:9      | Reached ** piety under Trog
  7054 | D:9      | Found a sacrificial altar of Ru.
  7054 | D:9      | Found a white marble altar of Elyvilon.
  7144 | D:9      | Reached skill level 10 in Unarmed Combat
  7284 | D:9      | Found a staircase to the Orcish Mines.
  7523 | D:9      | Identified the +2 robe of Ceolaez {rElec Str+4}
  7680 | D:10     | Entered Level 10 of the Dungeon
  7883 | D:10     | Found a shimmering blue altar of Sif Muna.
  7906 | D:10     | Noticed Erica
  7913 | D:10     | Killed Erica
  7914 | D:10     | Reached XP level 11. HP: 102/109 MP: 10/10
  7966 | D:10     | Found Gozag's Platinum Reserve.
  7980 | D:10     | Found an opulent altar of Gozag.
  8328 | Orc:1    | Entered Level 1 of the Orcish Mines
  8328 | Orc:1    | Noticed a merfolk javelineer
  8328 | Orc:1    | Noticed a tengu warrior
  8328 | Orc:1    | Noticed a deep elf knight
  8328 | Orc:1    | Found a runed translucent gate.
  8328 | Orc:1    | Found a runed translucent gate.
  8328 | Orc:1    | Found a runed translucent gate.
  8328 | Orc:1    | You are sucked into a shaft and drop 1 floor!
  8328 | Orc:2    | Entered Level 2 of the Orcish Mines
  8414 | Orc:1    | Reached *** piety under Trog
  8645 | Orc:2    | Found Cioxzay's Book Shoppe.
  8670 | Orc:2    | Bought a manual of Unarmed Combat for 1120 gold pieces
  8686 | Orc:2    | Found Yshrohidgh's Distillery.
  8692 | Orc:2    | Noticed Urug
  8703 | Orc:2    | Killed Urug
  8727 | Orc:2    | Reached skill level 11 in Unarmed Combat
  8837 | Orc:2    | Found Arghasm's Distillery.
  8943 | Orc:2    | Noticed an orc high priest
  8948 | Orc:2    | Noticed a sixfirhy
  9090 | Orc:1    | Noticed Xeaneg's ghost (journeyman HOBe)
  9091 | Orc:1    | Noticed a tengu warrior
  9092 | Orc:1    | Found an iron altar of Okawaru.
  9206 | Lair:1   | Entered Level 1 of the Lair of Beasts
  9842 | Lair:1   | Reached **** piety under Trog
  9843 | Lair:1   | Reached skill level 12 in Unarmed Combat
 10061 | Lair:2   | Noticed a lindwurm
 10070 | Lair:2   | Killed a lindwurm
 10097 | Lair:2   | Noticed a boulder beetle
 10111 | Lair:2   | Killed a boulder beetle
 10274 | Lair:2   | Noticed a wolf spider
 10274 | Lair:2   | Noticed a wolf spider
 10298 | Lair:2   | Killed a wolf spider
 10305 | Lair:2   | Killed a wolf spider
 10309 | Lair:2   | Reached XP level 12. HP: 20/122 MP: 11/11
 10313 | Lair:2   | HP: 6/122 [poisoned by a wolf spider]
 10673 | Lair:2   | Reached skill level 13 in Unarmed Combat
 10771 | Lair:2   | Found a hole to the Spider Nest.
 10995 | Lair:3   | Noticed a boulder beetle
 11022 | Lair:2   | HP: 4/184 [wolf (6)]
 11023 | Lair:2   | Slain by a wolf

Illustrated notes

Levels and vault maps discovered:
D:1:      amcnicky_arrival_double_pillar, layout_basic,
          ebering_ecumenical_altar_mist
D:2:      layout_loops_ring, nrook_campfire
D:3:      layout_rooms, nicolae_wormholes, uniq_crazy_yiuf_cottage
D:4:      layout_loops_ring, abandoned_shop, hangedman_decor_slide_cut
D:5:      layout_cave_pods, amcnicky_altar_gilded, hex_large,
          minmay_misc_feat_tiny, uniq_menkaure
D:6:      layout_layer_cave, mainiacjoe_overflow_boulevard, temple_hall,
          uniq_eustachio
D:7:      layout_basic, kennysheep_mini_moat, serial_glass, glass_columns_c,
          glass_columns_b, item_on_display_a, due_unseen_surprise
D:8:      layout_loops_ring, vehumet_crystals, lemuel_round_altar,
          minmay_lair_entry_lava
D:9:      layout_loops_cross, general_overflow_altar,
          gammafunk_temple_overflow_statue, david_orc_5, nrook_mini_vaults
D:10:     layout_cave_pools, mainiacjoe_overflow_concentric_impassable,
          nicolae_gozag_zags_fifth_avenue, chequers_serial_rivers_large_a,
          minivault_25, uniq_erica
Temple:   nicolae_temple_bog_church
Lair:1:   layout_loops_ring, chequers_serial_rivers_room_b, lemuel_fruit_fields
Lair:2:   layout_roguey, dummy_spider_entry, nicolae_lair_run_with_the_wolves
Lair:3:   layout_cave_pods, palyth_hydra_swamp_entry, enter_volcano_3,
          grunt_megastairs_4, uniq_kirke
Orc:1:    layout_caves, gammafunk_ghost_fury_of_okawaru, minmay_orc_temple_b
Orc:2:    pf_orc_diabolical, layout_diamond_mine, serial_shops,
          nicolae_square_shop, shop_fountains, shop, shop, nicolae_square_shop,
          uniq_urug

Skill      XL: |  1  2  3  4  5  6  7  8  9 10 11 12 |
---------------+-------------------------------------+-----
Unarmed Combat | 4 5 6 7 8 9 10 12 13 | 13.2
Fighting       | 2 3 5 6 7 8 9 |  9.1
Throwing       | 2 3 4 5 6 7 |  7.1
Dodging        | 3 4 5 6 7 9 |  9.2

Action                   |  1- 3 |  4- 6 |  7- 9 | 10-12 || total
-------------------------+-------+-------+-------+-------++-------
Melee: Unarmed           |    91 |   140 |   212 |   498 ||   941
       Punch             |     1 |     6 |    11 |    39 ||    57
Throw: Throwing net      |       |     1 |       |       ||     1
       Javelin           |       |       |       |     7 ||     7
       Dart              |       |       |       |     2 ||     2
       Boomerang         |       |       |       |     5 ||     5
Invok: Berserk           |       |       |       |     3 ||     3
       Trog's Hand       |       |       |       |     1 ||     1
  Use: Scroll            |     8 |     6 |     6 |    11 ||    31
       Potion            |       |     1 |     1 |     2 ||     4
 Stab: Distracted        |       |     1 |       |       ||     1
       Sleeping          |       |       |     1 |       ||     1
Armor: Robe              |    24 |    32 |   117 |    67 ||   240
       Troll leather arm |       |       |       |   133 ||   133
Dodge: Dodged            |    45 |    56 |   166 |   366 ||   633

Table legend: (Time is in decaauts)
 A = Elapsed time spent in this place.
 B = Non-inter-level travel time spent in this place.
 C = Inter-level travel time spent in this place.
 D = Time resting spent in this place.
 E = Time spent auto-exploring this place.
 F = Levels seen in this place.
 G = Mean time per level.
                   A        B        C        D        E       F      G
               +--------+--------+--------+--------+--------+-----+--------+
         Total |  10934 |  10381 |    553 |    850 |   7448 |  16 |  683.4 |
       Dungeon |   8143 |   7723 |    420 |    567 |   5686 |  10 |  814.3 |
        Temple |    210 |    144 |     66 |      0 |    130 |   1 |  210.0 |
          Lair |   1780 |   1756 |     24 |    209 |   1253 |   3 |  593.3 |
  Orcish Mines |    800 |    758 |     42 |     72 |    379 |   2 |  400.0 |
               +--------+--------+--------+--------+--------+-----+--------+

Top non-repeatable levels by time:
     D:6: 1259 daAuts
     D:9: 1210 daAuts
  Lair:2: 968 daAuts
     D:8: 911 daAuts
  Lair:1: 803 daAuts
     D:1: 798 daAuts
     D:5: 785 daAuts
     D:4: 742 daAuts
     D:2: 670 daAuts
     D:3: 661 daAuts
     D:7: 554 daAuts
    D:10: 549 daAuts
   Orc:2: 413 daAuts
   Orc:1: 386 daAuts
  Temple: 210 daAuts
